 Dungeon Crawl Stone Soup version 0.26.1-2-gb8aa6d0cf2 (webtiles) character file.

Game seed: 6332300221823593803

148 attacker the Skirmisher (level 5, -3/47 HPs)
             Began as a Hill Orc Abyssal Knight on Mar 26, 2021.
             Was a Believer of Lugonu.
             Slain by a worm (7 damage)
             ... on level 3 of the Dungeon.
             The game lasted 00:17:26 (3110 turns).

attacker the Skirmisher (Hill Orc Abyssal Knight)   Turns: 3110, Time: 00:17:26

Health: -3/47      AC:  4    Str: 16    XL:     5   Next: 30%
Magic:  6/6        EV: 10    Int: 12    God:    Lugonu [**....]
Gold:   56         SH:  3    Dex: 10    Spells: 4/4 levels left

rFire    . . .     SeeInvis .   a - +1 falchion
rCold    . . .     Faith    .   n - +0 buckler
rNeg     . . .     Spirit   .   b - +0 leather armour
rPois    .         Reflect  .   (helmet restricted)
rElec    .         Harm     .   (no cloak)
rCorr    .         Rampage  .   B - +0 pair of gloves
Will     .....                  (no boots)
Stlth    +.........             A - amulet of the acrobat
HPRegen  0.15/turn              (no ring)
MPRegen  0.10/turn              (no ring)

@: no status effects
A: horns 1
a: Renounce Religion, Depart the Abyss, Bend Space


You were on level 3 of the Dungeon.
You worshipped Lugonu.
Lugonu was pleased with you.
You visited 1 branch of the dungeon, and saw 3 of its levels.
You visited the Abyss 1 time.

You collected 56 gold pieces.

Inventory:

Hand Weapons
 a - a +1 falchion (weapon)
 c - a +0 club
 d - a +0 dagger
 e - a +0 club
 i - a +0 whip
 j - a +0 whip
 k - a +0 whip
 l - a +0 whip
 p - a +0 hunting sling
 s - a +0 dagger
 v - a +0 dagger
 z - a +0 hand axe
 C - a +0 whip
 F - a +0 trident
Missiles
 f - 179 stones
 t - 4 poisoned darts (quivered)
Armour
 b - a +0 leather armour (worn)
 g - a +0 robe
 m - a +0 leather armour
 n - a +0 buckler (worn)
 o - a cursed +0 leather armour
 u - a +0 leather armour
 B - a +0 pair of gloves (worn)
 D - a +0 leather armour
Jewellery
 A - an amulet of the acrobat (around neck)
Scrolls
 h - 2 scrolls of noise {unknown}
 q - 4 scrolls of enchant weapon {unknown}
 r - 5 scrolls of identify {unknown}
 w - a scroll of fog {unknown}
 y - a scroll of amnesia {unknown}
Potions
 x - a potion of attraction {unknown}
 E - a potion of invisibility {unknown}


   Skills:
 + Level 4.6 Fighting
 + Level 4.5 Long Blades
 - Level 0.1 Throwing
 - Level 2.7 Armour
 - Level 1.1 Dodging
 - Level 0.3 Stealth
 - Level 2.6 Invocations


You had 4 spell levels left.
You didn't know any spells.
Your spell library was empty.

Dungeon Overview and Level Annotations

Branches:
Dungeon (3/15)

Altars:
Ashenzari
Makhleb
Nemelex Xobeh
Sif Muna
Vehumet


Innate Abilities, Weirdness & Mutations

You have a pair of small horns on your head.


Message History

The orc hits you with a +0 flail.
* * * LOW HITPOINT WARNING * * *
You barely miss the orc. You headbutt the orc.
You kill the orc!
Lugonu accepts your kill. You block the orc's attack.
Unknown command.
The orc barely misses you.
You riposte.
You hit the orc. You headbutt the orc, but do no damage.
The orc is almost dead.
The worm completely misses you.
Items here: ( )) [ †.
Unknown command.
Unknown command.
You closely miss the orc.
The orc is almost dead.
The orc hits you with a +0 hand axe.
* * * LOW HITPOINT WARNING * * *
The worm bites you!
You die...

......
#..............#
##..... ........#
.....# #.......#
#.###...# #.......#
...'...#
#.....!.#####
#..w###.......+...#
#..@o†#.≈.≈..$≈##.##
#####.....††..##....
#...≈.≈≈♣≈##.###
#####≈..≈..#.#
#...≈≈≈.≈...#
#≈.≈≈#...####
#≈≈≈≈.≈≈≈.≈#
####≈†.≈.≈♣#
♣...≈.≈≈≈.#


You could see a worm and an orc.

Vanquished Creatures
  An orc wizard (D:2)
  6 adders
  A worm (D:2)
  A leopard gecko (D:3)
  7 orcs
  5 bats
  3 giant cockroaches
  10 goblins
  4 hobgoblins
  9 kobolds
  6 frilled lizards
  4 rats
57 creatures vanquished.

Notes
Turn   | Place    | Note
-------+----------+-------------------------------------------
     0 | Abyss:1  | attacker the Hill Orc Abyssal Knight began the quest for
                  | the Orb.
     0 | Abyss:1  | Reached XP level 1. HP: 19/19 MP: 2/2
    11 | D:1      | Escaped the Abyss
   211 | D:1      | Reached XP level 2. HP: 25/27 MP: 3/3
  1042 | D:1      | Reached XP level 3. HP: 23/33 MP: 4/4
  1047 | D:2      | Found a broken altar of Ashenzari.
  1311 | D:2      | Found a burning altar of Makhleb.
  1397 | D:2      | Reached ** piety under Lugonu
  1762 | D:2      | Reached XP level 4. HP: 41/41 MP: 5/5
  1794 | D:2      | Reached skill level 1 in Dodging
  2162 | D:2      | Gained mutation: You are agile. (Dex +2) [potion of
                  | mutation]
  2162 | D:2      | Lost mutation: You are agile. (Dex +2) [potion of mutation]
  2162 | D:2      | Gained mutation: You have a pair of small horns on your
                  | head. [potion of mutation]
  2344 | D:2      | Found a sparkling altar of Nemelex Xobeh.
  2346 | D:2      | Found a shimmering blue altar of Sif Muna.
  2588 | D:2      | Found a radiant altar of Vehumet.
  2781 | D:3      | Reached XP level 5. HP: 41/47 MP: 6/6
  3110 | D:3      | Slain by a worm

Illustrated notes

Levels and vault maps discovered:
D:1:      eino_arrival_water_cross, layout_loops_ring, hex_medium
D:2:      layout_loops_ring, nicolae_overflow_hidden_temple,
          grunt_temple_overflow_open
D:3:      layout_basic, serial_rivers, chequers_serial_rivers_micro_d,
          chequers_serial_rivers_room_b, chequers_serial_rivers_large_a,
          chequers_serial_rivers_room_a, chequers_serial_rivers_marsh,
          chequers_serial_rivers_micro_b

Skill      XL: |  1  2  3  4 |
---------------+-------------+-----
Fighting       | 4 |  4.6
Long Blades    | 3 4 |  4.5
Dodging        | 1 |  1.1
Throwing       | |  0.1
Armour         | |  2.7
Stealth        | |  0.3
Invocations    | |  2.6

Action                   |  1- 3 |  4- 6 || total
-------------------------+-------+-------++-------
Melee: Falchion          |    82 |    90 ||   172
       Headbutt          |       |     6 ||     6
Throw: Dart              |     1 |    11 ||    12
       Stone             |       |     3 ||     3
  Use: Potion            |     1 |     3 ||     4
       Scroll            |       |     1 ||     1
Armor: Leather armour    |    22 |    31 ||    53
Dodge: Dodged            |    55 |    61 ||   116
Block: Buckler           |       |    12 ||    12
       Rpst.: Falchion   |    17 |    22 ||    39
